 Dungeon Crawl Stone Soup version 0.18-a0-1805-g8ab820f (webtiles) character file.

130 warlockg3 the Ducker (level 4, -9/44 HPs)
             Began as a Troll Fighter on Apr 26, 2016.
             Mangled by Sigmund
             ... wielding a +0 scythe
              (14 damage)
             ... on level 3 of the Dungeon.
             The game lasted 00:04:39 (1502 turns).

warlockg3 the Ducker (Troll Fighter)                Turns: 1502, Time: 00:04:40

Health: -9/44      AC:  5    Str: 25    XL:     4   Next: 90%
Magic:  3/3        EV:  8    Int:  4    God:
Gold:   119        SH:  9    Dex:  9    Spells: 0 memorised, 3 levels left

rFire  . . .     SeeInvis .       - Unarmed
rCold  . . .     Gourm    +     a - +0 robe
rNeg   . . .     Faith    .     b - +0 shield
rPois  .         Spirit   .     (helmet restricted)
rElec  .         Dismiss  .     (no cloak)
rCorr  .         Reflect  .     (gloves unavailable)
SustAt .         Harm     .     (boots unavailable)
MR     .....                    (no amulet)
Stlth  +.........               (no ring)
                                (no ring)

@: starving, not resistant to hostile enchantments, very unstealthy
A: unfitting armour, claws 3, fast metabolism 3, gourmand, regeneration 2,
shaggy fur 1, tough skin 2
a: no special abilities


You were on level 3 of the Dungeon.
You were starving.

You visited 1 branch of the dungeon, and saw 3 of its levels.

You collected 119 gold pieces.

Inventory:

Armour
 a - a +0 robe (worn)
 b - a +0 shield (worn)
 e - a +0 plate armour
Scrolls
 h - a scroll of remove curse
 j - 2 scrolls of enchant weapon {unknown}
 m - 3 scrolls of identify {unknown}
 o - a scroll of enchant armour {unknown}
 r - 2 scrolls of teleportation {unknown}
Potions
 c - a potion of might
 g - a potion of brilliance {unknown}
 i - 3 potions of curing {unknown}
 k - a potion of cure mutation {unknown}
 l - a potion of heal wounds {unknown}
 n - 2 potions of degeneration {unknown}
 p - a potion of invisibility {unknown}


   Skills:
 + Level 2.8 Fighting
 + Level 3.4 Dodging
 + Level 0.2 Stealth
 + Level 3.0 Shields
 + Level 2.8 Unarmed Combat


You had 3 spell levels left.
You didn't know any spells.

Dungeon Overview and Level Annotations

Branches:
Dungeon (3/15)

Altars:

Annotations:
D:3 Sigmund


Innate Abilities, Weirdness & Mutations

You are too large for most types of armour.
You have claws for hands.
Your metabolism is lightning-fast.
You like to eat raw meat.
You heal very quickly.
You are covered in fur (AC +1).
You have very tough skin (AC +2).


Message History

You need to eat something NOW!
Things that are here:
an uncursed dagger; an uncursed hunting sling; 13 stones Sigmund the Dreaded comes into view.
He is wielding a scythe.
Sigmund shouts!
Sigmund gestures wildly while chanting.
Sigmund flickers and vanishes!
Deactivating autopickup; reactivate with Ctrl-A.
Something hits you.
You completely miss something. Something hits you!
You claw something! Something hits you.
Your shield prevents you from hitting something.
You closely miss something. You block something's attack.
You closely miss something. Something hits you!
* * * LOW HITPOINT WARNING * * *
You closely miss something. You closely miss something. Something hits you!
* * * LOW HITPOINT WARNING * * *
You scratch something but do no damage. Something hits you!
You die...

#.##.#.####(.#
#>##.#.# #()#
..##.#.####..#
.###.#.......#
.. #)#######.#
#.# #.#
#.#######.#
#..{@.....#
###########


There were no monsters in sight!

Vanquished Creatures
  Natasha (D:3)
  5 adders (D:2)
  3 dart slugs
  2 worms (D:2)
  2 giant geckos
  3 ball pythons
  5 giant cockroaches
  6 goblins
  5 hobgoblins
  10 kobolds
  2 bats
  2 giant newts (D:1)
  5 rats
51 creatures vanquished.

Notes
Turn   | Place    | Note
--------------------------------------------------------------
     0 | D:1      | warlockg3 the Troll Fighter began the quest for the Orb.
     0 | D:1      | Reached XP level 1. HP: 22/22 MP: 0/0
    90 | D:1      | Reached XP level 2. HP: 29/29 MP: 1/1
   521 | D:2      | Reached XP level 3. HP: 36/36 MP: 2/2
  1072 | D:2      | Reached XP level 4. HP: 44/44 MP: 3/3
  1381 | D:3      | Noticed Natasha
  1385 | D:3      | Killed Natasha
  1490 | D:3      | Noticed Sigmund
  1502 | D:3      | Mangled by Sigmund

Vault maps used:
D:1:      nicolae_arrival_memento_mori, serial_bayou_ford_a
D:2:      st_stairs_4
D:3:      nicolae_qazlal_general_emergency, first_bread, uniq_natasha,
          uniq_sigmund, uniq_crazy_yiuf_cottage

Skill      XL: |  1  2  3  4 |
---------------+-------------+-----
Dodging        | 3 |  3.4
Shields        | 3 |  3.0
Fighting       | |  2.8
Stealth        | |  0.2
Unarmed Combat | |  2.8

Action                   |  1- 3 |  4- 6 || total
-------------------------+-------+-------++-------
Melee: Unarmed           |   113 |    52 ||   165
  Use: Scroll            |     3 |       ||     3
 Stab: Sleeping          |     1 |       ||     1
  Eat: Bread ration      |     2 |       ||     2
Armor: Robe              |    28 |    18 ||    46
Dodge: Dodged            |    34 |    17 ||    51
Block: Shield            |    41 |    24 ||    65
